 Dungeon Crawl Stone Soup version 0.23.0-2-g0fe3ce5 (webtiles) character file.

Game seed: 9194775472697799008

1540 varaam the Covert (level 8, -17/40 HPs)
             Began as a Spriggan Enchanter on Feb 19, 2019.
             Was a Follower of Kikubaaqudgha.
             Demolished by a two-headed ogre
             ... wielding a +0 giant club
              (26 damage)
             ... on level 6 of the Dungeon.
             The game lasted 00:36:12 (6198 turns).

varaam the Covert (Spriggan Enchanter)              Turns: 6198, Time: 00:36:13

Health: -17/40     AC:  3    Str:  4    XL:     8   Next: 56%
Magic:  1/15       EV: 22    Int: 18    God:    Kikubaaqudgha [*.....]
Gold:   520        SH:  0    Dex: 17    Spells: 3/15 levels left

rFire    . . .     SeeInvis +   i - +2 dagger (drain)
rCold    . . .     Gourm    .   (shield restricted)
rNeg     . . .     Faith    .   b - +0 robe
rPois    +         Spirit   .   (helmet restricted)
rElec    .         Reflect  .   f - +0 cloak
rCorr    .         Harm     .   (gloves unavailable)
MR       +....                  (boots unavailable)
Stlth    ++++......             o - amulet of the acrobat
HPRegen  0.13/turn              P - ring of poison resistance
MPRegen  0.14/turn              W - ring of wizardry {Wiz+}

@: very quick
A: very small, unfitting armour, see invisible, herbivore, speed 3, slow
metabolism 2
a: Receive Corpses, Renounce Religion


You were on level 6 of the Dungeon.
You worshipped Kikubaaqudgha.
Kikubaaqudgha was aware of your devotion.
You were not hungry.

You visited 2 branches of the dungeon, and saw 8 of its levels.

You collected 520 gold pieces.

Inventory:

Hand Weapons
 a - a +1 dagger
 i - a +2 dagger of draining (weapon)
 q - a +0 short sword of draining
Missiles
 Q - 187 stones (quivered)
Armour
 b - a +0 robe (worn)
 f - a +0 cloak (worn)
Jewellery
 o - an amulet of the acrobat (around neck)
 r - an uncursed ring of see invisible {unknown}
 F - an uncursed ring of protection from fire
 P - a ring of poison resistance (left hand)
 W - a ring of wizardry (right hand) {Wiz+}
Wands
 D - a wand of digging (2)
Scrolls
 e - 5 scrolls of amnesia
 j - 2 scrolls of remove curse {unknown}
 n - a scroll of fear {unknown}
 s - a scroll of immolation {unknown}
 t - 5 scrolls of teleportation
Potions
 c - a potion of invisibility {unknown}
 g - 2 potions of curing {unknown}
 h - a potion of cancellation
 k - 2 potions of heal wounds
 l - a potion of haste {unknown}
 m - 3 potions of flight
 p - 2 potions of agility {unknown}
Comestibles
 d - 6 rations


   Skills:
 - Level 3.0 Fighting
 - Level 5.3 Short Blades
 + Level 6.2 Dodging
 - Level 8.0 Stealth
 - Level 4.2 Spellcasting
 - Level 8.0 Hexes


You had 3 spell levels left.
You knew the following spells:

 Your Spells              Type           Power        Failure   Level  Hunger
a - Ensorcelled Hibernat  Hex/Ice        ###...       1%          2    ##.....
b - Dazzling Spray        Conj/Hex       ###...       3%          3    ###....
c - Confuse               Hex            ####....     1%          3    ###....
d - Tukima's Dance        Hex            ####....     1%          3    ###....
v - Corona                Hex            ####...      1%          1    None

Your spell library contained the following spells:

 Spells                   Type           Power        Failure   Level  Hunger
 Pain                     Necr           #...         6%          1    None
 Corpse Rot               Necr           N/A          9%          2    ##.....
 Sublimation of Blood     Necr           #.........   9%          2    ##.....
 Vampiric Draining        Necr           #.........   17%         3    ###....


Dungeon Overview and Level Annotations

Branches:
Dungeon (7/15)             Temple (1/1) D:4

Altars:
Ashenzari
Cheibriados
Dithmenos
Elyvilon
Fedhas
Gozag
Hepliaklqana
Kikubaaqudgha
Makhleb
Nemelex Xobeh
Qazlal
Ru
Sif Muna
Trog
Uskayaw
Wu Jian
Xom
Yredelemnul
Zin
The Shining One

Annotations:
D:6 1 runed translucent door, Gazerockf's ghost, amateur VSMo


Innate Abilities, Weirdness & Mutations

You are very small and have problems with some larger weapons.
You are too small for most types of armour.
You have supernaturally acute eyesight. (SInv)
You are a herbivore.
You cover ground extremely quickly.
You need to consume almost no food.


Message History

Attack!
The two-headed ogre wields a +0 giant club.
The two-headed ogre closely misses you.
The two-headed ogre completely misses you.
Okay, then.
Aim: a two-headed ogre, wielding a +0 giant club (chance to defeat MR: 54%)
The two-headed ogre is outlined in light.
* * * LOW MAGIC WARNING * * *
You now have 1/15 mp.
You hit the two-headed ogre.
You hit the two-headed ogre but do no damage.
You drain the two-headed ogre. The two-headed ogre misses you. x2
You hit the two-headed ogre. You drain the two-headed ogre.
The two-headed ogre hits you with a +0 giant club!!
Ouch! That really hurt!
* * * LOW HITPOINT WARNING * * *
The two-headed ogre hits you with a +0 giant club!!
Ouch! That really hurt!
You die...
Kikubaaqudgha rasps: "You have failed me!
Welcome... death!"

.#<......................+.......
.#........##...##...##...#......#
.#........##...##...##...##.....#
.#........#....#....##...##.....#
.+........#....#..........#......
.#........#.(..#..........#.!..[.
.#........#....##...##....#......
.##.......##.>.##O(.##....#......
.##.......##....@...##...####...#
.#........#.........##...#####'##
.'........#......................
.##.......#......................
###.......#......................
#........#......................
##.......##........##...####.###
##.......##........##...#######.
#............................#..


You could see a two-headed ogre and a friendly +0 giant club.

Levels and vault maps discovered:
D:1:      arrival_zaba_pyramid, layout_basic
D:2:      layout_rooms, serial_bayou_lagoon_a, uniq_sigmund
D:3:      layout_rooms, first_ration
D:4:      layout_basic, minmay_temple_entry_waves
D:5:      layout_loops_ring, led_sif_pool, uniq_eustachio
D:6:      layout_gridville, hellmonk_ghost_happy_afterlife, uniq_duvessa
D:7:      layout_basic, serial_shops, nicolae_shop_crystal, basic_altar
Temple:   compressed_dpeg_triangle_lava_temple

Notes
Turn   | Place    | Note
-------+----------+-------------------------------------------
     0 | D:1      | varaam the Spriggan Enchanter began the quest for the Orb.
     0 | D:1      | Reached XP level 1. HP: 9/9 MP: 5/5
    29 | D:1      | HP: 2/9 [hobgoblin (3)]
   467 | D:1      | Reached skill level 2 in Short Blades
   510 | D:1      | Reached XP level 2. HP: 7/13 MP: 1/6
   718 | D:1      | Identified a +0 club
   723 | D:1      | Identified a +0 club
   723 | D:1      | Identified a +0 club
   739 | D:1      | Learned a level 2 spell: Ensorcelled Hibernation
   897 | D:1      | Identified a +0 club
   926 | D:1      | Identified a +0 short sword
   931 | D:1      | Reached skill level 5 in Stealth
  1013 | D:1      | Identified a ring of poison resistance (You found it on
                  | level 1 of the Dungeon)
  1345 | D:1      | Reached XP level 3. HP: 16/16 MP: 2/8
  1425 | D:1      | Identified a +0 whip
  1615 | D:2      | Identified a +0 club
  1696 | D:2      | Reached skill level 3 in Short Blades
  1762 | D:2      | Identified a ring of protection from fire (You found it on
                  | level 2 of the Dungeon)
  1770 | D:2      | Identified a +0 club
  1860 | D:2      | Identified 3 scrolls of teleportation
  1942 | D:2      | Identified a +0 scythe
  1942 | D:2      | Identified a +0 robe
  1942 | D:2      | Noticed Sigmund
  2005 | D:2      | Killed Sigmund
  2005 | D:2      | Reached skill level 5 in Short Blades
  2005 | D:2      | Reached skill level 6 in Stealth
  2005 | D:2      | Reached XP level 4. HP: 6/21 MP: 4/9
  2005 | D:2      | Reached XP level 5. HP: 7/24 MP: 4/10
  2265 | D:3      | Identified a +0 whip
  2285 | D:3      | Learned a level 3 spell: Confuse
  2423 | D:3      | Identified a +0 club
  2452 | D:3      | Identified a +0 club
  2630 | D:3      | Identified a ring of wizardry (You found it on level 3 of
                  | the Dungeon)
  2655 | D:3      | Reached skill level 7 in Stealth
  2729 | D:3      | Reached XP level 6. HP: 26/28 MP: 8/11
  2866 | D:3      | Reached skill level 3 in Spellcasting
  2991 | D:3      | Identified a +0 whip
  3021 | D:3      | Identified 4 scrolls of identify
  3021 | D:3      | Identified an amulet of the acrobat (You found it on level
                  | 3 of the Dungeon)
  3028 | D:3      | Identified a +0 cloak (You found it on level 1 of the
                  | Dungeon)
  3393 | D:4      | Found a staircase to the Ecumenical Temple.
  3399 | Temple   | Entered the Ecumenical Temple
  3463 | Temple   | Became a worshipper of Kikubaaqudgha
  3613 | D:4      | Identified a +0 short sword of draining (You found it on
                  | level 4 of the Dungeon)
  3680 | D:4      | Reached skill level 8 in Stealth
  4015 | D:5      | Entered Level 5 of the Dungeon
  4024 | D:5      | Identified a +0 rapier
  4024 | D:5      | Identified a +0 leather armour
  4024 | D:5      | Noticed Eustachio
  4027 | D:5      | Identified a +0 giant spiked club
  4132 | D:5      | Identified a +1 trident of flaming
  4179 | D:5      | Reached skill level 4 in Hexes
  4209 | D:5      | Killed Eustachio
  4209 | D:5      | Reached skill level 4 in Spellcasting
  4209 | D:5      | Reached XP level 7. HP: 32/32 MP: 10/14
  4427 | D:5      | Identified 4 scrolls of amnesia
  4428 | D:5      | Identified 3 potions of flight
  4429 | D:5      | Identified a potion of cancellation
  4430 | D:5      | Identified 2 potions of heal wounds
  4431 | D:5      | Identified a potion of degeneration
  4509 | D:5      | Found a deep blue altar of Sif Muna.
  4510 | D:5      | Identified a +0 war axe
  4560 | D:5      | Reached skill level 5 in Hexes
  4866 | D:5      | Identified a +1 dagger
  4930 | D:6      | Reached skill level 6 in Hexes
  4931 | D:6      | Noticed Gazerockf's ghost (amateur VSMo)
  4934 | D:6      | Found a runed translucent door.
  5057 | D:6      | Identified a +0 whip
  5057 | D:6      | Identified a +0 ring mail
  5073 | D:6      | Reached skill level 7 in Hexes
  5080 | D:6      | Identified a +0 short sword
  5080 | D:6      | Identified a +0 scale mail
  5080 | D:6      | Noticed Duvessa
  5080 | D:6      | Identified a +0 dagger
  5080 | D:6      | Identified a +0 robe
  5080 | D:6      | Noticed Dowan
  5080 | D:6      | Identified a +0 war axe
  5080 | D:6      | Identified a +0 plate armour
  5080 | D:6      | Identified a +0 dagger
  5080 | D:6      | Identified a +0 leather armour
  5087 | D:6      | Killed Duvessa
  5092 | D:6      | Killed Dowan
  5092 | D:6      | Reached skill level 8 in Hexes
  5092 | D:6      | Reached XP level 8. HP: 34/36 MP: 6/15
  5092 | D:6      | Identified a +0 hand axe
  5092 | D:6      | Identified a +0 leather armour
  5113 | D:6      | Identified a +0 trident
  5113 | D:6      | Identified a +2 scale mail of fire resistance
  5157 | D:6      | Reached skill level 1 in Fighting
  5241 | D:6      | Identified a +0 dagger
  5241 | D:6      | Identified a +0 robe
  5241 | D:6      | Identified a +0 hand axe
  5242 | D:6      | Identified a cursed -2 club
  5255 | D:6      | Reached skill level 4 in Dodging
  5329 | D:6      | Reached * piety under Kikubaaqudgha
  5329 | D:6      | Identified Kikubaaqudgha's Compendium of Darkness
                  | (Kikubaaqudgha gifted it to you on level 6 of the Dungeon)
  5329 | D:6      | Received a gift from Kikubaaqudgha
  5329 | D:6      | Reached skill level 2 in Fighting
  5331 | D:6      | Identified a +0 spear
  5348 | D:6      | Identified a cursed -3 spear
  5363 | D:6      | Reached skill level 5 in Dodging
  5490 | D:6      | Identified a +0 leather armour
  5491 | D:6      | Identified a +2 dagger of draining
  5491 | D:6      | Identified a +0 robe
  5494 | D:6      | Identified a +0 dagger
  5494 | D:6      | Identified a +0 robe
  5817 | D:6      | Identified a +0 giant club
  5817 | D:6      | Identified a +0 giant club
  5817 | D:6      | Noticed a two-headed ogre
  5878 | D:7      | Reached skill level 6 in Dodging
  5883 | D:7      | Learned a level 3 spell: Dazzling Spray
  5887 | D:7      | Learned a level 3 spell: Tukima's Dance
  6077 | D:6      | Reached skill level 3 in Fighting
  6198 | D:6      | HP: 9/40 [two-headed ogre/+0 giant club (31)]
  6198 | D:6      | Demolished by a two-headed ogre

Table legend:
 A = Turns spent in this place as a percentage of turns spent in the entire game.
 B = Non-inter-level travel turns spent in this place as a percentage of non-inter-level travel turns spent in the entire game.
 C = Inter-level travel turns spent in this place as a percentage of turns spent in this place.
 D = Turns resting spent in this place as a percentage of non-inter-level travel turns spent in this place.
 E = Turns spent auto-exploring this place as a percentage of non-inter-level travel turns spent in this place.
 F = Non-inter-level travel turns spent in this place divided by the number of levels of this place that you've seen.
                   A       B       C       D       E      F
               +-------+-------+-------+-------+-------+----------------------
         Total | 100.0 | 100.0 |   4.6 |   5.0 |  45.9 | 738.9
       Dungeon |  98.7 |  98.7 |   4.7 |   5.0 |  46.6 | 833.3
        Temple |   1.3 |   1.3 |   0.0 |   0.0 |   0.0 |  78.0
               +-------+-------+-------+-------+-------+----------------------

Table legend:
 A = Kills in this place as a percentage of kills in entire the game.
 B = Kills by you in this place as a percentage of kills by you in the entire game.
 C = Kills by friends in this place as a percentage of kills by friends in the entire game.
 D = Other kills in this place as a percentage of other kills in the entire game.
 E = Experience gained in this place as a percentage of experience gained in the entire game.
 F = Experience gained in this place divided by the number of levels of this place that you have seen.
                   A       B       C       D       E      F
               +-------+-------+-------+-------+-------+----------------------
         Total | 100.0 | 100.0 |   N/A |   N/A | 100.0 | 275.0
       Dungeon | 100.0 | 100.0 |   N/A |   N/A | 100.0 | 314.3
               +-------+-------+-------+-------+-------+----------------------

Skill      XL: |  1  2  3  4  5  6  7  8 |
---------------+-------------------------+-----
Short Blades   | 2 5 |  5.3
Stealth        | 5 6 7 8 |  8.0
Spellcasting   | 4 |  4.2
Hexes          | 4 8 |  8.0
Fighting       | 3 |  3.0
Dodging        | 6 |  6.2

Action                   |  1- 3 |  4- 6 |  7- 9 || total
-------------------------+-------+-------+-------++-------
Melee: Dagger            |   122 |   137 |    49 ||   308
       Short sword       |       |    14 |   108 ||   122
Throw: Stone             |     4 |     1 |     3 ||     8
 Cast: Corona            |    24 |    16 |     6 ||    46
       Ensorcelled Hiber |    17 |    24 |    25 ||    66
       Confuse           |       |       |    13 ||    13
       Tukima's Dance    |       |       |     5 ||     5
  Use: Scroll            |     1 |     1 |     5 ||     7
 Stab: Sleeping          |    27 |    17 |    11 ||    55
       Confused          |       |       |     7 ||     7
       Distracted        |       |       |     1 ||     1
  Eat: Ration            |       |     2 |     2 ||     4
Armor: Robe              |    10 |    14 |    10 ||    34
Dodge: Dodged            |    83 |    96 |   104 ||   283

Vanquished Creatures
  Sigmund (D:2)
  Eustachio (D:5)
  Duvessa (D:6)
  An orc warrior (D:6)
  A phantom (D:6)
  An ogre (D:5)
  2 bullfrogs (D:6)
  A gnoll sergeant (D:6)
  Dowan (D:6)
  A scorpion (D:3)
  A crimson imp (D:5)
  A bullfrog zombie (D:6)
  2 orc priests (D:6)
  3 hounds
  A bullfrog skeleton (D:6)
  3 orc wizards (D:6)
  2 worker ants
  3 gnolls (D:6)
  8 adders
  2 oozes
  4 worms
  3 dart slugs
  A leopard gecko (D:3)
  9 orcs
  8 giant cockroaches
  7 hobgoblins
  5 jackals
  A quokka (D:2)
  2 ball pythons
  7 bats
  7 frilled lizards
  7 goblins
  9 kobolds
  A leopard gecko zombie (D:5)
  4 rats
112 creatures vanquished.
